 Dungeon Crawl Stone Soup version 0.22.1-2-g9c5b331383 (webtiles) character file.

16393 Marnok the Cleaver (level 12, -10/104 HPs)
             Began as a Minotaur Fighter on Nov 23, 2018.
             Mangled by a naga warrior
             ... wielding a +0 mace
              (17 damage)
             ... on level 1 of the Snake Pit.
             The game lasted 01:12:14 (12132 turns).

Marnok the Cleaver (Minotaur Fighter)              Turns: 12132, Time: 01:12:15

Health: -10/104    AC: 20    Str: 26    XL:     12   Next: 9%
Magic:  11/11      EV:  7    Int:  5    God:
Gold:   591        SH: 19    Dex: 10    Spells: 11/11 levels left

rFire    . . .     SeeInvis .   K - +0 war axe (venom)
rCold    . . .     Gourm    .   c - +0 shield
rNeg     . . .     Faith    .   l - +2 plate armour
rPois    +         Spirit   .   (helmet restricted)
rElec    .         Reflect  +   (no cloak)
rCorr    .         Harm     .   k - +0 pair of gloves
MR       .....                  g - +1 pair of boots
Stlth    ..........             E - +6 amulet of reflection
HPRegen  0.27/turn              x - ring of poison resistance
MPRegen  0.12/turn              L - +2 ring of evasion

@: lethally poisoned (-10 -> -10), slowed, constricted, very slow
A: retaliatory headbutt, horns 2
a: no special abilities


You were on level 1 of the Snake Pit.
You were not hungry.

You visited 4 branches of the dungeon, and saw 15 of its levels.
You also visited: Ossuary and Volcano.

You collected 591 gold pieces.

Inventory:

Hand Weapons
 a - a +1 war axe
 t - a +0 dagger of distortion
 y - a cursed -1 hunting sling
 C - a +2 dire flail of holy wrath
 D - a +4 hand crossbow
 H - a +2 dire flail of holy wrath
 K - a +0 war axe of venom (weapon)
 S - the +7 quarterstaff of the Sky {crush, rPois rF+ Str+3, unknown}
   (You found it on level 8 of the Dungeon)

   It inflicts extra damage upon your enemies.
   It affects your strength (+3).
   It protects you from fire.
   It protects you from poison.
 X - a +4 dagger
Missiles
 v - 7 needles of sleeping
 M - 4 tomahawks of returning (quivered)
 P - 4 needles of paralysis
 Q - 2 throwing nets
Armour
 b - a cursed +0 ring mail
 c - a +0 shield (worn)
 g - a +1 pair of boots (worn)
 k - a +0 pair of gloves (worn)
 l - a +2 plate armour (worn)
 u - a +0 cloak
Jewellery
 m - an uncursed amulet of rage
 s - an uncursed ring of resist corrosion {unknown}
 x - a ring of poison resistance (left hand)
 B - an uncursed ring of positive energy {unknown}
 E - a +6 amulet of reflection (around neck)
 L - a +2 ring of evasion (right hand)
 R - an uncursed amulet of guardian spirit {unknown}
 W - an uncursed ring of magical power
Wands
 j - a wand of scattershot (7)
 w - a wand of random effects (35)
 z - a wand of acid (9)
 J - a wand of flame (50)
 V - a wand of iceblast (5)
Scrolls
 e - a scroll of identify
 i - 3 scrolls of fog
 n - 2 scrolls of fear
 p - 4 scrolls of remove curse
 r - 4 scrolls of amnesia
 F - 4 scrolls of teleportation
 T - a scroll of blinking {unknown}
 U - 2 scrolls of enchant weapon
Potions
 d - a potion of might
 h - 2 potions of ambrosia {unknown}
 o - a potion of flight
 q - 4 potions of lignification
 A - 2 potions of curing
Comestibles
 f - 14 rations


   Skills:
 + Level 9.3 Fighting
 + Level 14.3 Axes
 + Level 10.7 Armour
 + Level 2.5 Dodging
 + Level 1.3 Stealth
 + Level 12.7 Shields


You had 11 spell levels left.
You didn't know any spells.
Your spell library contained the following spells:

 Spells                   Type           Power        Failure   Level  Hunger
 Beastly Appendage        Tmut           #.....       100%        1    ##.....
 Corona                   Hex            #......      100%        1    ##.....
 Magic Dart               Conj           #...         100%        1    ##.....
 Ensorcelled Hibernation  Hex/Ice        #.....       100%        2    ###....
 Searing Ray              Conj           #.....       100%        2    ###....
 Sticks to Snakes         Tmut           #.......     100%        2    ###....
 Confuse                  Hex            #.......     100%        3    ####...
 Dazzling Spray           Conj/Hex       #.....       100%        3    ####...
 Spider Form              Tmut/Pois      #.........   100%        3    ####...
 Tukima's Dance           Hex            #.......     100%        3    ####...
 Force Lance              Conj/Tloc      #.......     100%        4    #####..
 Fulminant Prism          Conj/Hex       #.........   100%        4    #####..
 Ice Form                 Ice/Tmut       #.......     100%        4    #####..
 Iskenderun's Mystic Bla  Conj           #.......     100%        4    #####..
 Blade Hands              Tmut           #.........   100%        5    ######.


Dungeon Overview and Level Annotations

Branches:
Dungeon (11/15)            Temple (1/1) D:6            Lair (2/6) D:10
  Swamp (0/4) Lair:2        Snake (1/4) Lair:2
    Orc: D:9-12

Altars:
Ashenzari
Cheibriados
Elyvilon
Fedhas
Gozag
Hepliaklqana
Kikubaaqudgha
Makhleb
Nemelex Xobeh
Qazlal
Sif Muna
Trog
Wu Jian
Yredelemnul
Zin
The Shining One

Shops:
D:11 :

Annotations:
D:4 2 transporters, BushDid911's ghost, amateur HuFi
D:5 1 transporter


Innate Abilities, Weirdness & Mutations

You reflexively headbutt those who attack you in melee.
You have a pair of horns on your head.


Message History

The guardian serpent casts a spell.
The naga warrior blinks!
You feel sick.
You block the guardian serpent's attack.
The naga warrior hits you but does no damage.
The naga warrior grabs you. The naga warrior constricts you.
The naga warrior's grasp on you weakens, but your attempt to escape fails.
You block the guardian serpent's attack.
The guardian serpent hits you!
* * * LOW HITPOINT WARNING * * *
The naga warrior spits poison at you.
The splash of poison reflects off an invisible shield around you!
The splash of poison misses the naga warrior.
* * * LOW HITPOINT WARNING * * *
The naga warrior constricts you.
The naga warrior's grasp on you weakens, but your attempt to escape fails.
You feel sick. The guardian serpent hits you!
* * * LOW HITPOINT WARNING * * *
The naga warrior hits you with a mace!
You die...

#.# #.#### ######## #.#
#....# #......# #.#
#....# #......#
#.###....# #......#
#.#.#.######......##
#.#.#.####.......)..
#.#.#...)[..........
#...######.###.##...
###@### #.# #.##... ####
#SN.# #.###...... .....
#...# #..........
#.....##...####........##
'......(......#........##
#......#†####.#.##≈≈≈≈.#≈
#......#N####.#.#≈≈≈≈≈.≈≈
.........)(..............
##...#.#.##)#.#N;.≈≈≈≈.≈≈


You could see a naga warrior, a naga sharpshooter and a guardian serpent.

Vanquished Creatures
  2 anacondas (Snake:1)
  A naga sharpshooter (Snake:1)
  A sea snake (Snake:1)
  2 salamanders (Snake:1)
  2 naga magi (Snake:1)
  2 black mambas
  2 komodo dragons
  4 spiny frogs
  A troll (D:9)
  A tyrant leech (Lair:2)
  2 hippogriffs
  4 blink frogs (Lair:1)
  A basilisk (Lair:2)
  9 yaks
  Grum (D:9)
  A spriggan (D:7)
  A fire bat (Volcano)
  A fire elemental (Volcano)
  4 swamp worms (Lair:2)
  Edmund (D:5)
  5 nagas
  5 water moccasins
  3 orc warriors
  4 ice beasts
  2 sky beasts
  A necrophage (D:7)
  4 ogres
  A centaur (D:9)
  9 wolves
  3 crocodiles (Lair:1)
  2 elf zombies (Ossuary)
  A big kobold (D:10)
  10 bullfrogs
  2 scorpions (D:9)
  6 killer bees (D:9)
  2 howler monkeys
  4 crimson imps
  A quasit (D:8)
  A human zombie (Ossuary)
  3 lava snakes (Volcano)
  A jelly (D:9)
  6 orc priests
  A gnoll shaman (D:6)
  3 hounds
  10 orc wizards
  A bullfrog skeleton (D:5)
  2 iguanas
  Jessica (D:3)
  Natasha (thrice) (D:2 D:3)
  2 worker ants
  2 big kobold zombies (Ossuary)
  2 hound skeletons
  A hound zombie (D:5)
  3 mummies (Ossuary)
  5 gnolls
  A howler monkey skeleton (D:9)
  9 adders
  2 shadow imps (D:10)
  An ooze (D:1)
  5 adder zombies
  3 adder skeletons
  3 worms
  5 leopard geckos
  37 orcs
  4 bats
  8 giant cockroaches
  4 gnoll zombies
  9 goblins
  3 hobgoblins
  14 jackals
  8 kobolds
  4 quokkas
  A ball python (D:2)
  2 frilled lizards
  4 goblin zombies (Ossuary)
  7 hobgoblin zombies (Ossuary)
  A jackal zombie (D:8)
  6 kobold zombies (Ossuary)
  An orc zombie (Ossuary)
  3 quokka skeletons
  5 quokka zombies (Ossuary)
  8 rats
  2 rat zombies (Ossuary)
  A spectral orc (D:4)
  A fungus (Lair:2)
  2 plants (Lair:1)
319 creatures vanquished.

Vanquished Creatures (others)
  A centaur (D:8)
  An orc (D:8)
  2 fungi
  A plant (Lair:1)
5 creatures vanquished.

Grand Total: 324 creatures vanquished

Notes
Turn   | Place    | Note
-------+----------+-------------------------------------------
     0 | D:1      | Marnok the Minotaur Fighter began the quest for the Orb.
     0 | D:1      | Reached XP level 1. HP: 19/19 MP: 0/0
   123 | D:1      | Reached XP level 2. HP: 27/27 MP: 1/1
   757 | D:2      | Reached XP level 3. HP: 32/33 MP: 2/2
   773 | D:2      | Reached skill level 3 in Axes
   849 | D:2      | Noticed Natasha
   859 | D:2      | Killed Natasha
   970 | D:2      | Reached XP level 4. HP: 33/40 MP: 3/3
  1015 | D:2      | Noticed Natasha
  1029 | D:2      | Killed Natasha
  1451 | D:2      | Found a glowing golden altar of the Shining One.
  1660 | D:2      | Reached skill level 4 in Axes
  1781 | D:3      | Noticed Natasha
  1793 | D:3      | Killed Natasha
  1793 | D:3      | Reached XP level 5. HP: 35/46 MP: 4/4
  2106 | D:3      | Noticed Jessica
  2115 | D:3      | Killed Jessica
  2115 | D:3      | Reached skill level 5 in Armour
  2115 | D:3      | Reached skill level 5 in Shields
  2157 | D:3      | Found a glowing silver altar of Zin.
  2166 | D:3      | Found an ornate altar of the Wu Jian Council.
  2180 | D:3      | Found an ancient bone altar of Kikubaaqudgha.
  2189 | D:3      | Found an opulent altar of Gozag.
  2491 | D:4      | Found a basalt altar of Yredelemnul.
  2509 | D:4      | Found a sand-covered staircase.
  2522 | Ossuary  | Entered an ossuary
  2537 | Ossuary  | Reached skill level 5 in Axes
  2537 | Ossuary  | Reached XP level 6. HP: 53/53 MP: 5/5
  2770 | Ossuary  | Reached skill level 5 in Fighting
  2770 | Ossuary  | Reached skill level 6 in Axes
  2792 | Ossuary  | Reached XP level 7. HP: 52/61 MP: 6/6
  2921 | D:5      | Entered Level 5 of the Dungeon
  2939 | D:4      | Found a transporter.
  2939 | D:4      | Noticed BushDid911's ghost (amateur HuFi)
  2945 | D:4      | Found a transporter.
  2989 | D:3      | Found a hazy altar of Hepliaklqana.
  3353 | D:3      | Found a deep blue altar of Sif Muna.
  3442 | D:5      | Found a transporter.
  3478 | D:4      | Reached skill level 7 in Axes
  3797 | D:5      | Noticed Edmund
  3807 | D:5      | Killed Edmund
  3807 | D:5      | Reached skill level 8 in Axes
  3807 | D:5      | Reached skill level 1 in Dodging
  3866 | D:5      | Reached XP level 8. HP: 54/68 MP: 7/7
  4074 | D:5      | Found a transporter.
  4550 | D:6      | Reached skill level 9 in Axes
  5148 | D:6      | Found a bloodstained altar of Trog.
  5174 | D:6      | Found a staircase to the Ecumenical Temple.
  5183 | Temple   | Entered the Ecumenical Temple
  5602 | D:7      | Found a burning altar of Makhleb.
  5933 | D:7      | Reached XP level 9. HP: 60/75 MP: 8/8
  5960 | D:7      | Reached skill level 10 in Axes
  6281 | D:8      | Found a snail-covered altar of Cheibriados.
  6326 | D:8      | Found a sparkling altar of Nemelex Xobeh.
  6629 | D:8      | Found a shattered altar of Ashenzari.
  6772 | D:8      | Got a translucent quarterstaff
  6887 | D:8      | Found a shattered altar of Ashenzari.
  6945 | D:9      | Noticed Grum
  6956 | D:9      | Killed Grum
  7002 | D:9      | Reached skill level 11 in Axes
  7178 | D:9      | Reached XP level 10. HP: 86/86 MP: 9/9
  7842 | D:9      | Reached skill level 10 in Shields
  8149 | D:10     | Entered Level 10 of the Dungeon
  8155 | D:11     | Found Fobaruer's Book Emporium.
  8445 | D:10     | Found a staircase to the Lair.
  8478 | Lair:1   | Entered Level 1 of the Lair of Beasts
  8490 | Lair:1   | Reached skill level 1 in Stealth
  8491 | Lair:1   | Reached skill level 12 in Axes
  8793 | Lair:1   | Reached skill level 13 in Axes
  8797 | Lair:1   | Noticed a spiny frog
  8812 | Lair:1   | Killed a spiny frog
  8921 | Lair:1   | Reached XP level 11. HP: 90/94 MP: 10/10
  9004 | Lair:1   | Found a dark tunnel.
  9013 | Volcano  | Entered a volcano
  9416 | Volcano  | Found a burning altar of Makhleb.
 10000 | Volcano  | Noticed a stone giant
 10736 | Lair:2   | Found a staircase to the Swamp.
 10886 | Lair:2   | Reached skill level 10 in Armour
 11115 | Lair:2   | Found a staircase to the Snake Pit.
 11138 | Lair:2   | Reached skill level 14 in Axes
 11152 | Snake:1  | Entered Level 1 of the Snake Pit
 11153 | Snake:1  | Noticed an anaconda
 11153 | Snake:1  | Noticed an anaconda
 11175 | Snake:1  | Killed an anaconda
 11182 | Snake:1  | Killed an anaconda
 11641 | Snake:1  | Noticed a sea snake
 11856 | Snake:1  | Killed a sea snake
 11856 | Snake:1  | Reached XP level 12. HP: 88/104 MP: 11/11
 12115 | Snake:1  | Noticed a naga warrior
 12132 | Snake:1  | Mangled by a naga warrior

Skill      XL: |  1  2  3  4  5  6  7  8  9 10 11 |
---------------+----------------------------------+-----
Armour         | 4 5 7 8 10 | 10.7
Shields        | 4 5 7 9 11 12 | 12.7
Fighting       | 4 5 6 7 9 |  9.3
Axes           | 3 4 5 6 8 9 11 13 14 | 14.3
Dodging        | 1 2 |  2.5
Stealth        | 1 |  1.3

Action                   |  1- 3 |  4- 6 |  7- 9 | 10-12 || total
-------------------------+-------+-------+-------+-------++-------
Melee: War axe           |    97 |   196 |   423 |   363 ||  1079
       Headbutt          |    11 |    35 |    67 |    68 ||   181
  Use: Potion            |       |     1 |    11 |     9 ||    21
       Scroll            |       |     9 |     7 |     3 ||    19
  Eat: Chunk             |       |     2 |     2 |     3 ||     7
       Ration            |       |     2 |     3 |     4 ||     9
Armor: Chain mail        |    64 |    78 |    92 |       ||   234
       Scale mail        |     1 |       |       |       ||     1
       Plate armour      |       |       |    73 |   115 ||   188
Dodge: Dodged            |    15 |    37 |    71 |    80 ||   203
Block: Shield            |    38 |   111 |   309 |   353 ||   811
       Reflection        |       |       |    12 |    23 ||    35
